 Dungeon Crawl Stone Soup version 0.26-a0-597-gb535b0901c (webtiles) character file.

Game seed: 648579027953699291

(classic levelgen) 303054 EnegeticOcto the Severer (level 19, -14/183 HPs)
             Began as a Deep Dwarf Fighter on Aug 27, 2020.
             Was the Champion of Makhleb.
             Killed from afar by an ancient lich (17 damage)
             ... with a bolt of lightning
             ... on level 5 of the Realm of Zot.
             The game lasted 00:18:56 (17460 turns).

EnegeticOcto the Severer (Deep Dwarf Fighter)      Turns: 17460, Time: 00:18:57

Health: -14/183    AC: 31    Str: 20 (27) XL:     19   Next: 82%
Magic:  0/0        EV:  9    Int:  9 (13) God:    Makhleb [******]
Gold:   1165       SH:  0    Dex: 12 (16) Spells: 18/18 levels left

rFire    + + .     SeeInvis .   v - +11 battleaxe of Woell {vorpal, Dex+4 Stlth-}
rCold    + + .     Faith    +   (shield currently unavailable)
rNeg     + . .     Spirit   .   H - +0 gold dragon scales
rPois    +         Reflect  .   e - +2 hat {Int+3}
rElec    +         Harm     .   y - +0 cloak
rCorr    +                      D - +0 pair of gloves
MR       ++...                  P - +2 pair of boots
Stlth    ..........             q - amulet of faith
HPRegen  0.00/turn              f - +4 ring of protection
MPRegen  0.07/turn              J - +4 ring of protection

@: resistant, marked, non-regenerating, mildly diseased, drained
A: damage resistance, heal wounds, deformed body, deterioration 1, negative
energy resistance 1, sense surroundings 3, screaming 2, subdued magic 2, no
regeneration
}: 3/15 runes: serpentine, barnacled, abyssal
a: Heal Wounds, Minor Destruction, Lesser Servant of Makhleb, Major Destruction,
Greater Servant of Makhleb, Renounce Religion


You were on level 5 of the Realm of Zot.
You worshipped Makhleb.
Makhleb was exalted by your worship.
You visited 8 branches of the dungeon, and saw 40 of its levels.
You visited the Abyss 2 times.

You collected 1776 gold pieces.
You spent 611 gold pieces at shops.

Inventory:

Hand Weapons
 a - a +2 broad axe of distortion
 v - the +11 battleaxe of Woell (weapon) {vorpal, Dex+4 Stlth-}
   (You acquired it on level 9 of the Dungeon)

   It inflicts extra damage upon your enemies.
   It affects your dexterity (+4).
   It makes you less stealthy.
 A - a +0 war axe
Missiles
 C - 8 throwing nets (quivered)
Armour
 c - a +0 kite shield
 e - a +2 hat of intelligence (worn)
 h - a +0 plate armour
 y - a +0 cloak (worn)
 B - +0 swamp dragon scales
 D - a +0 pair of gloves (worn)
 H - +0 gold dragon scales (worn)
 P - a +2 pair of boots (worn)
 V - +4 storm dragon scales {Bai Suzhen}
Jewellery
 b - an uncursed ring of resist corrosion
 f - a +4 ring of protection (left hand)
 q - an amulet of faith (around neck)
 w - an uncursed ring of see invisible
 J - a +4 ring of protection (right hand)
 Q - an uncursed ring of protection from magic
Wands
 x - a wand of iceblast (6) {@v2}
 I - a wand of acid (3) {@v1}
 K - a wand of disintegration (10)
Scrolls
 j - 10 scrolls of remove curse {@r2}
 l - 5 scrolls of enchant weapon
 r - 5 scrolls of teleportation {@r3}
 t - 5 scrolls of fog
 G - 2 scrolls of summoning
 L - 2 scrolls of fear
 M - 2 scrolls of brand weapon
 O - a scroll of immolation {@r4}
 S - a scroll of blinking
Potions
 d - 2 potions of might {@q3}
 i - 8 potions of lignification {@q7}
 k - 3 potions of haste {@q4}
 m - 4 potions of ambrosia
 n - 4 potions of heal wounds {@q2}
 o - 7 potions of mutation
 p - 4 potions of berserk rage
 s - a potion of resistance {@q6}
 u - 12 potions of curing {@q1}
 z - 2 potions of cancellation
 E - 2 potions of magic
 F - 2 potions of flight
 N - a potion of stabbing {@q5}
Miscellaneous
 R - a phantom mirror


   Skills:
 + Level 14.4(13.6) Fighting
 - Level 20.0(19.0) Axes
 + Level 16.6(15.8) Armour
 + Level 15.3(14.5) Dodging
 - Level 7.8(7.1) Shields
 * Level 19.6(18.7) Invocations


You had 18 spell levels left.
You didn't know any spells.
Your spell library was empty.

Dungeon Overview and Level Annotations

Branches:
Dungeon (15/15)            Temple (1/1) D:5            Lair (4/6) D:10
 Shoals (4/4) Lair:4        Snake (4/4) Lair:4          Orc (2/2) D:9
 Depths (5/5) D:15            Zot (5/5) Depths:5
    Elf: Orc:2       Vaults: D:13-14

Altars:
Ashenzari
Cheibriados
Dithmenos
Elyvilon
Fedhas
Gozag
Hepliaklqana
Kikubaaqudgha
Makhleb
Nemelex Xobeh
Okawaru
Qazlal
Ru
Sif Muna
Trog
Uskayaw
Vehumet
Wu Jian
Xom
Yredelemnul
Zin
The Shining One
Beogh

Shops:
D:5 [   D:9 =   D:14 !   Orc:2 [(*=   Shoals:3 [}(:(   Snake:2 *

Portals:
Hell: Depths:2
Abyss: Depths:5

Annotations:
D:8 3 runed translucent doors, Graouh's ghost, novice MiFi
Lair:2 1 runed translucent door, Pioss's ghost, journeyman DDFi
Shoals:2 1 transporter
Depths:2 1 transporter, 1 exclusion, Taek's ghost, veteran DsWn
Depths:4 1 runed translucent door
Abyss:1 Harold


Innate Abilities, Weirdness & Mutations

You are resistant to damage.
You can heal yourself by infusing magical energy.
You resist negative energy. (rN+)
You passively map a large area around you.
You do not regenerate.
Armour fits poorly on your strangely shaped body.
Your body sometimes deteriorates upon taking damage.
You sometimes yell uncontrollably at your foes.
Your spells are easier to cast, but less powerful.


Message History

Things that are here:
a +9 club of venom; a Killer Klown corpse
Found 15 stones.
An ancient lich comes into view.
An ancient lich is nearby!
The ancient lich pulls the alarm!
The alarm trap emits a blaring wail!
A sentinel's mark forms upon you.
You hear a shout!
You hear a deafening roar!
You hear a shout!
You hear a chilling moan.
You hear a roar! x4; You hear a deafening roar!
You hear a roar!
You hear a deafening roar!
Press: ? - help, v - describe, . - travel The floor.
You are no longer poisoned.
You start waiting.
A storm dragon is nearby!
You feel much better.
The ancient lich gestures wildly while chanting.
The ancient lich seems to speed up.
You hit the ancient lich.
The ancient lich is lightly damaged.
The ancient lich touches you but does no damage.
You hit the ancient lich.
The ancient lich is lightly damaged.
A quicksilver dragon comes into view.
The ancient lich touches you.
You hit the ancient lich but do no damage.
The ancient lich is lightly damaged.
The ancient lich mumbles some strange words.
The ancient lich seems to speed up.
The ancient lich touches you. You partially resist.
You feel drained.
You closely miss the ancient lich.
The ancient lich is lightly damaged.
The ancient lich points at you and mumbles some strange words.
The bolt of lightning hits you!!! The bolt of lightning misses you.
The bolt of lightning hits the ancient lich!
The ancient lich resists.
You closely miss the ancient lich.
The ancient lich is lightly damaged.
You closely miss the ancient lich. The ancient lich completely misses you.
The ancient lich points at you and mumbles some strange words.
You resist with some effort.
Your gold dragon scales prevents you from hitting the ancient lich.
The ancient lich is lightly damaged.
Your gold dragon scales prevents you from hitting the ancient lich.
The ancient lich gestures at you while chanting.
You resist with some effort. The ancient lich touches you.
You partially resist.
You feel drained.
An orb of fire comes into view.
You closely miss the ancient lich.
The ancient lich is lightly damaged.
You hit the ancient lich. The ancient lich touches you!
The ancient lich touches you.
The ancient lich gestures at you while chanting.
The bolt of lightning hits you!! The ancient lich touches you!
You partially resist.
You feel drained.
You feel much better.
The ancient lich touches you but does no damage. x2
You feel much better.
The ancient lich touches you but does no damage.
The ancient lich points at you and mumbles some strange words.
The bolt of lightning hits you!! The bolt of lightning hits you!!!
* * * LOW HITPOINT WARNING * * *
The bolt of lightning hits the ancient lich!
The ancient lich resists.
The bolt of lightning hits the orb of fire.
The orb of fire completely resists.
The ancient lich touches you!
* * * LOW HITPOINT WARNING * * *
The ancient lich touches you but does no damage.
You feel protected.
The ancient lich touches you but does no damage.
The ancient lich closely misses you.
Okay, then.
Your magical essence is drained by the effort!
You feel much better.
The ancient lich touches you but does no damage.
The ancient lich points at you and mumbles some strange words.
The bolt of lightning hits you! You resist.
* * * LOW HITPOINT WARNING * * *
The bolt of lightning hits you. You resist.
* * * LOW HITPOINT WARNING * * *
The bolt of lightning hits the ancient lich.
The ancient lich resists.
The bolt of lightning hits the orb of fire.
The orb of fire completely resists.
The moth of wrath goads something on!
The Killer Klown blinks!
The moth of wrath goads something on!
The ancient lich launches a ball of destructive magic.
The wavering orb of destruction weakly hits you!!
* * * LOW HITPOINT WARNING * * *
The ancient lich touches you!
* * * LOW HITPOINT WARNING * * *
You partially resist.
You feel drained.
* * * LOW HITPOINT WARNING * * *
You don't have enough innate magic capacity.
You hit the ancient lich.
The ancient lich is moderately damaged.
You slash the ancient lich!
The ancient lich points at you and mumbles some strange words.
The bolt of lightning hits you!! You resist.
You die...

, ,
#L............#
#.... ,
##...........##
#.... ,, ,
#...........#
#.... , ,
##..(........##
#..[f ,,
#.......^.....#
##... ,
*#.(.....)y....##
##.. **
#......D.X......#
##. *
########D########▓
## #
#.@L*......... ,
## ,
##..Ly.p...### , ,
.###...##
#............# *
...# ....*#
*####...##..#...#
* ...##....#.
,*#....###.# ... ,
, ..3.##....# ,
##.......#*
#.3..##...+,
+.....#.## ,
##3.3.###.##
*###...#..## ,,,
.##....#...##
....##...## ,


You could see an orb of fire, a Killer Klown, a tentacled monstrosity, 2 ancient
liches, a quicksilver dragon (berserk) and 2 moths of wrath.

Vanquished Creatures
  2 orbs of fire (Zot:5)
  4 ancient liches (Zot:5)
  2 Killer Klowns (Zot:5)
  2 golden dragons
  A bone dragon (Depths:5)
  A Tzitzimitl (Zot:5)
  A tentacled monstrosity (Zot:1)
  Rupert (D:13)
  10 Orb Guardians (Zot:5)
  A quicksilver dragon (Zot:1)
  Gastronok (Lair:2)
  A thorn hunter (Abyss:3)
  A tentacled starspawn (Abyss:1)
  A death cob (Zot:5)
  2 shadow dragons
  4 storm dragons (Zot:5)
  2 tengu reavers
  A fire giant (Depths:2)
  A draconian monk (Zot:1)
  4 nagarajas
  3 frost giants
  A revenant (Abyss:3)
  A draconian knight (Zot:4)
  2 deep elf sorcerers (Abyss:3)
  2 draconian scorchers
  3 ghost moths (Zot:5)
  A draconian shifter (Zot:4)
  A draconian stormcaller (Depths:5)
  3 draconian annihilators
  3 very ugly things (Depths:2)
  6 stone giants
  2 black draconians
  4 green draconians
  2 purple draconians (Depths:5)
  A white draconian (Zot:4)
  2 red draconians
  4 spark wasps (Depths:2)
  4 ettins
  An eidolon (Abyss:3)
  2 merfolk javelineers (Shoals:4)
  2 yaktaur captains
  2 fire dragons
  2 jiangshi (Depths:5)
  2 merfolk impalers (Shoals:4)
  A great orb of eyes (Depths:2)
  4 rakshasas
  2 hydras
  12 naga warriors
  2 ice dragons
  4 anacondas
  An alligator snapping turtle (Shoals:3)
  A shambling mangrove (Abyss:3)
  3 centaur warriors
  A satyr (Abyss:3)
  2 ogre magi
  2 merfolk aquamancers (Shoals:4)
  9 two-headed ogres
  4 tengu warriors
  An orc high priest (Orc:2)
  11 naga sharpshooters
  A vampire mage (Depths:5)
  2 thrashing horrors (Abyss:2)
  A shock serpent (Snake:3)
  7 deep troll earth magi (Depths:2)
  Nergalle (D:10)
  Sonja (D:10)
  3 wretched stars
  2 skeletal warriors (D:15)
  A salamander mystic (Snake:4)
  A spatial maelstrom (Abyss:3)
  2 flayed ghosts
  6 sea snakes
  11 deep trolls (Depths:2)
  2 naga ritualists
  3 glowing orange brains
  A necromancer (D:15)
  An orc knight (Orc:2)
  A harpy (Shoals:4)
  5 cyclopes
  2 fauns (Shoals:2)
  A mana viper (Snake:3)
  A shining eye (Abyss:3)
  8 ugly things
  4 salamanders
  3 merfolk sirens
  An elephant (D:10)
  10 manticores
  2 deep elf magi
  12 moths of wrath
  5 worldbinders
  A centaur zombie (D:10)
  Maurice (D:10)
  3 water nymphs
  4 guardian serpents
  Joseph (D:8)
  12 naga magi
  7 black mambas
  An orange demon (Abyss:1)
  3 smoke demons (Abyss:3)
  2 gargoyles
  Psyche (D:10)
  5 cane toads
  Maggie (D:6)
  A hellion (Zot:5)
  A rime drake (shapeshifter) (D:15)
  A spectral swamp worm (Depths:5)
  4 centaur skeletons
  A kobold demonologist (D:15)
  24 yaktaurs
  2 efreet
  2 hellwings (Abyss:3)
  3 tengu conjurers
  A freezing wraith (Abyss:3)
  13 merfolk
  2 ancient zymes (Abyss:1)
  3 meliai (D:15)
  3 trolls
  A meliai (shapeshifter) (Depths:2)
  3 queen bees (shapeshifter)
  9 raiju (Abyss:3)
  A wolf spider simulacrum (D:14)
  5 large abominations
  7 blink frogs (Lair:2)
  4 hippogriffs
  3 wind drakes
  A hornet (Abyss:3)
  24 slime creatures
  A harpy skeleton (D:14)
  3 snapping turtles
  A hippogriff (shapeshifter) (D:15)
  A blink frog (shapeshifter) (Depths:1)
  2 fire dragon zombies (D:15)
  An ettin skeleton (Abyss:2)
  12 small abominations
  5 flying skulls (Abyss:3)
  A centaur simulacrum (D:14)
  3 wraiths
  A shadow (D:13)
  4 vampires
  14 water elementals
  30 yaks
  3 wyverns
  A ynoxinul (Abyss:3)
  5 basilisks
  A basilisk (shapeshifter) (Depths:2)
  A neqoxec (Abyss:1)
  A steam dragon (D:12)
  5 vampire mosquitoes (D:15)
  2 wargs
  Menkaure (D:4)
  23 nagas
  A human zombie (D:15)
  2 water moccasins
  2 acid dragons
  3 soldier ants
  A human skeleton (D:15)
  4 porcupines
  5 sky beasts
  An ice beast (D:7)
  16 orc warriors
  3 phantoms
  11 starcursed masses (Abyss:3)
  3 eyes of draining
  11 centaurs
  16 ogres
  4 wolves (Lair:4)
  A big kobold (D:8)
  9 crocodiles
  14 bullfrogs
  A gnoll sergeant (D:7)
  7 scorpions
  A wyvern skeleton (D:10)
  4 wights (D:11)
  9 killer bees
  An electric eel (D:15)
  4 howler monkeys
  4 crimson imps (D:4)
  3 bullfrog zombies
  8 hounds
  11 orc priests
  2 jellies
  13 orc wizards
  4 bullfrog skeletons
  An iron imp (Abyss:3)
  Jessica (D:2)
  Natasha (twice) (D:2)
  7 iguanas
  9 worker ants
  A hound zombie (D:7)
  A worker ant zombie (D:10)
  A howler monkey skeleton (D:9)
  A howler monkey zombie (Abyss:1)
  13 gnolls
  14 adders
  A river rat (Lair:3)
  4 shadow imps
  3 white imps
  3 ufetubi
  2 oozes
  4 worms
  A dart slug (D:2)
  4 leopard geckos
  58 orcs
  7 giant cockroaches
  7 goblins
  2 hobgoblins (D:2)
  10 kobolds
  5 quokkas
  A ball python (D:2)
  8 bats
  3 frilled lizards
  A giant cockroach zombie (D:5)
  A jackal zombie (D:7)
  2 quokka skeletons
  3 rats
  A lurking horror (Abyss:1)
  3 starspawn tentacles (Abyss:1)
907 creatures vanquished.

Vanquished Creatures (collateral kills)
  Bai Suzhen (Shoals:3)
  An Orb Guardian (Zot:5)
  A tengu reaver (Abyss:3)
  A nagaraja (Snake:4)
  A daeva (Abyss:2)
  An orc warlord (Orc:2)
  A green draconian (Zot:1)
  3 naga warriors (Snake:4)
  A shambling mangrove (Abyss:3)
  A satyr (Shoals:3)
  3 shock serpents (Snake:4)
  3 naga sharpshooters (Snake:4)
  2 naga ritualists (Snake:4)
  3 orc knights (Orc:2)
  3 orc sorcerers (Orc:2)
  2 manticores (Shoals:3)
  A black mamba (Snake:4)
  A guardian serpent (Snake:4)
  11 naga magi (Snake:4)
  A merfolk (Shoals:3)
  A hornet (Abyss:3)
  10 nagas (Snake:4)
  4 orc warriors (Orc:2)
  4 orc priests (Orc:2)
  2 orc wizards (Orc:2)
  3 orcs (Orc:2)
66 creatures vanquished.

Vanquished Creatures (others)
  An electric golem (Zot:5)
  A large abomination (Abyss:3)
  A wretched star (Abyss:3)
  7 fungi
  19 plants
  6 withered plants (D:15)
35 creatures vanquished.

Grand Total: 1008 creatures vanquished

Notes
Turn   | Place    | Note
-------+----------+-------------------------------------------
     0 | D:1      | EnegeticOcto the Deep Dwarf Fighter began the quest for the
                  | Orb.
     0 | D:1      | Reached XP level 1. HP: 20/20 MP: 1/1
   139 | D:2      | Noticed Natasha
   145 | D:2      | Killed Natasha
   145 | D:2      | Reached skill level 3 in Axes
   145 | D:2      | Reached XP level 2. HP: 17/27 MP: 2/2
   145 | D:2      | Reached XP level 3. HP: 21/33 MP: 3/3
   291 | D:2      | Reached XP level 4. HP: 28/42 MP: 4/4
   517 | D:3      | Found a shimmering blue altar of Sif Muna.
   698 | D:4      | Reached skill level 4 in Axes
   698 | D:4      | Reached XP level 5. HP: 41/49 MP: 5/5
   872 | D:4      | Reached XP level 6. HP: 40/56 MP: 6/6
   911 | D:4      | Noticed Menkaure
   923 | D:4      | Killed Menkaure
   923 | D:4      | Reached skill level 5 in Axes
  1059 | D:4      | Reached XP level 7. HP: 30/64 MP: 7/7
  1089 | D:4      | Found a shimmering altar of Xom.
  1117 | D:4      | Reached skill level 5 in Armour
  1117 | D:4      | Reached skill level 5 in Shields
  1273 | D:5      | Entered Level 5 of the Dungeon
  1304 | D:5      | Found Anosog's Antique Armour Shoppe.
  1425 | D:5      | Reached skill level 6 in Axes
  1432 | D:5      | Found a staircase to the Ecumenical Temple.
  1464 | Temple   | Entered the Ecumenical Temple
  1513 | Temple   | Became a worshipper of Uskayaw the Reveler
  1550 | D:5      | Reached * piety under Uskayaw
  1555 | D:5      | Reached ** piety under Uskayaw
  1563 | D:5      | Reached *** piety under Uskayaw
  1628 | D:5      | Found a shadowy altar of Dithmenos.
  1742 | D:5      | Reached skill level 1 in Invocations
  2215 | D:6      | Noticed a gargoyle
  2248 | D:6      | Killed a gargoyle
  2248 | D:6      | Reached XP level 8. HP: 56/73 MP: 1/4
  2336 | D:6      | Noticed Maggie
  2343 | D:6      | Reached skill level 7 in Axes
  2347 | D:6      | Reached **** piety under Uskayaw
  2348 | D:6      | Killed Maggie
  2521 | D:6      | Found an opulent altar of Gozag.
  2524 | D:6      | Found a sacrificial altar of Ru.
  2527 | D:6      | Found a white marble altar of Elyvilon.
  2608 | D:6      | Found an ancient bone altar of Kikubaaqudgha.
  2697 | D:7      | Reached skill level 5 in Fighting
  2733 | D:7      | Reached ***** piety under Uskayaw
  2742 | D:7      | Reached ****** piety under Uskayaw
  2744 | D:7      | Reached skill level 8 in Axes
  2761 | D:7      | Gained mutation: You passively map the area around you.
                  | [Deep Dwarf growth]
  2761 | D:7      | Reached XP level 9. HP: 67/81 MP: 7/7
  2835 | D:7      | Noticed Harold
  2840 | D:7      | Banished Harold
  2840 | D:7      | Reached skill level 5 in Invocations
  2850 | D:7      | Reached skill level 9 in Axes
  3477 | D:8      | Found a runed translucent gate.
  3478 | D:8      | Found a runed translucent gate.
  3505 | D:8      | Found an iron altar of Okawaru.
  3538 | D:8      | Noticed Joseph
  3546 | D:8      | Killed Joseph
  3546 | D:8      | Reached XP level 10. HP: 44/91 MP: 8/8
  3631 | D:8      | Found a runed translucent gate.
  3632 | D:8      | Noticed Graouh's ghost (novice MiFi)
  3634 | D:8      | Noticed an 11-headed hydra
  4234 | D:2      | Noticed Jessica
  4236 | D:2      | Killed Jessica
  4271 | D:2      | Found a hazy altar of Hepliaklqana.
  4519 | D:2      | Noticed Natasha
  4521 | D:2      | Killed Natasha
  4797 | D:3      | Found a shimmering blue altar of Sif Muna.
  5223 | D:3      | Found a glowing silver altar of Zin.
  5421 | D:9      | Found an ornate altar of the Wu Jian Council.
  5426 | D:9      | Found an iron altar of Okawaru.
  5426 | D:9      | Found a burning altar of Makhleb.
  5436 | D:9      | Fell from the grace of Uskayaw
  5436 | D:9      | Became a worshipper of Makhleb the Destroyer
  5491 | D:9      | Found a shattered altar of Ashenzari.
  5518 | D:9      | Reached skill level 10 in Axes
  5671 | D:9      | Identified a scroll of acquirement
  5671 | D:9      | Acquired the +11 battleaxe of Woell {vorpal, Dex+4 Stlth-}
  5776 | D:9      | Noticed a two-headed ogre
  5781 | D:9      | Killed a two-headed ogre
  5781 | D:9      | Reached skill level 1 in Dodging
  5788 | D:9      | Noticed a yaktaur captain
  5804 | D:9      | Paralysed by the fury of Uskayaw for 6 turns
  5814 | D:9      | Killed a yaktaur captain
  5915 | D:9      | Reached * piety under Makhleb
  6011 | D:9      | Found a staircase to the Orcish Mines.
  6046 | D:9      | Found a glowing golden altar of the Shining One.
  6180 | D:9      | Found Kouz's Jewellery Shop.
  6406 | D:10     | Entered Level 10 of the Dungeon
  6410 | D:10     | Noticed an elephant
  6417 | D:10     | Reached skill level 11 in Axes
  6423 | D:10     | Killed an elephant
  6423 | D:10     | Reached XP level 11. HP: 84/100 MP: 2/7
  6430 | D:10     | Noticed Psyche
  6439 | D:10     | Killed Psyche
  6443 | D:10     | Found a staircase to the Lair.
  6449 | D:10     | Reached ** piety under Makhleb
  6551 | D:10     | Noticed Sonja
  6556 | D:10     | Cast into level 1 of the Abyss (Sonja)
  6623 | Abyss:1  | Found a shattered altar of Ashenzari.
  6649 | Abyss:1  | Noticed a tentacled starspawn
  6658 | Abyss:1  | Killed a tentacled starspawn
  6658 | Abyss:1  | Reached skill level 12 in Axes
  6729 | Abyss:1  | Noticed a wretched star
  6744 | Abyss:1  | Reached skill level 5 in Dodging
  6746 | D:10     | Escaped the Abyss
  6758 | D:10     | Killed a wretched star
  6763 | D:10     | Killed Sonja
  6838 | D:10     | Noticed Nergalle
  6844 | D:10     | Killed Nergalle
  6844 | D:10     | Reached XP level 12. HP: 79/88 MP: 7/7
  6970 | D:10     | Reached *** piety under Makhleb
  6979 | D:10     | Noticed Maurice
  6986 | D:10     | Killed Maurice
  7442 | D:11     | Reached skill level 10 in Invocations
  7567 | D:11     | Paralysed by the fury of Uskayaw for 4 turns
  7571 | D:11     | Reached skill level 13 in Axes
  7678 | D:11     | Reached **** piety under Makhleb
  7833 | Lair:1   | Entered Level 1 of the Lair of Beasts
  7909 | Lair:1   | Paralysed by the fury of Uskayaw for 7 turns
  7949 | Lair:2   | Reached skill level 10 in Armour
  8164 | Lair:2   | Noticed Gastronok
  8171 | Lair:2   | Paralysed by the fury of Uskayaw for 4 turns
  8179 | Lair:2   | Killed Gastronok
  8277 | Lair:2   | Found a runed translucent door.
  8277 | Lair:2   | Noticed Pioss's ghost (journeyman DDFi)
  9459 | Lair:4   | Found a staircase to the Snake Pit.
  9520 | Lair:4   | Reached XP level 13. HP: 121/121 MP: 10/10
  9529 | Lair:4   | Found a staircase to the Shoals.
  9531 | Lair:4   | Reached skill level 14 in Axes
  9644 | Lair:4   | Paralysed by the fury of Uskayaw for 7 turns
 10000 | Lair:2   | Paralysed by the fury of Uskayaw for 7 turns
 10000 | Lair:2   | Was forgiven by Uskayaw
 10130 | D:12     | Reached ***** piety under Makhleb
 11251 | D:13     | Noticed Rupert
 11265 | D:13     | Killed Rupert
 11265 | D:13     | Reached skill level 15 in Axes
 11485 | D:14     | Found Ihelun Zoeng's Distillery.
 11489 | D:14     | Bought a potion of mutation for 104 gold pieces
 11489 | D:14     | Bought a potion of haste for 130 gold pieces
 11489 | D:14     | Bought a potion of mutation for 104 gold pieces
 11529 | D:14     | Reached ****** piety under Makhleb
 11776 | D:14     | Gained mutation: You resist negative energy. (rN+) [Deep
                  | Dwarf growth]
 11776 | D:14     | Reached XP level 14. HP: 105/130 MP: 12/12
 11843 | D:15     | Entered Level 15 of the Dungeon
 11934 | D:15     | Reached skill level 10 in Fighting
 11996 | D:15     | Found a staircase to the Depths.
 12631 | Orc:1    | Entered Level 1 of the Orcish Mines
 12790 | Orc:2    | Entered Level 2 of the Orcish Mines
 12869 | Orc:2    | Found a roughly hewn altar of Beogh.
 12873 | Orc:2    | Reached skill level 16 in Axes
 12884 | Orc:2    | Noticed an orc warlord
 12894 | Orc:2    | Killed an orc warlord
 12901 | Orc:2    | Found Pisoeb's Antique Weapon Emporium.
 12923 | Orc:2    | Found Jannat's Jewellery Emporium.
 12939 | Orc:2    | Found Pukhim's General Store.
 12947 | Orc:2    | Bought a scroll of teleportation for 45 gold pieces
 12956 | Orc:2    | Found Kytaery's Antique Armour Emporium.
 12963 | Orc:2    | Bought a pitted helmet for 228 gold pieces
 12973 | Orc:2    | Identified the +2 helmet "Ylligrithy" {*Slow Str+2 SInv}
                  | (You bought it in a shop on level 2 of the Orcish Mines)
 13111 | Snake:1  | Entered Level 1 of the Snake Pit
 13487 | Snake:2  | Found Zab Fem's General Store.
 13570 | Snake:2  | Reached skill level 10 in Dodging
 13666 | Snake:2  | Reached XP level 15. HP: 140/140 MP: 9/11
 13705 | Snake:2  | Noticed a nagaraja
 13725 | Snake:2  | Killed a nagaraja
 13868 | Snake:4  | Entered Level 4 of the Snake Pit
 13950 | Snake:4  | Noticed a nagaraja
 13950 | Snake:4  | Noticed a nagaraja
 13950 | Snake:4  | Noticed a nagaraja
 13961 | Snake:4  | Reached skill level 17 in Axes
 13962 | Snake:4  | Noticed a nagaraja
 13969 | Snake:4  | Killed a nagaraja
 13976 | Snake:4  | Killed a nagaraja
 13977 | Snake:4  | Killed a nagaraja
 13979 | Snake:4  | Killed a nagaraja
 13993 | Snake:4  | Got a serpentine rune of Zot
 14034 | Snake:4  | Cast into level 2 of the Abyss (salamander)
 14149 | Abyss:2  | Noticed a daeva
 14166 | Abyss:2  | Killed a daeva
 14191 | Abyss:2  | Found a corrupted altar of Lugonu.
 14333 | Abyss:3  | Gained mutation: You occasionally shout uncontrollably at
                  | your foes. [a shining eye]
 14337 | Abyss:3  | Gained mutation: Your body sometimes deteriorates upon
                  | taking damage. [a shining eye]
 14352 | Abyss:3  | Paralysed by accursed screaming for 1 turns
 14362 | Abyss:3  | Found a runed translucent door.
 14424 | Abyss:3  | Found a runed translucent door.
 14432 | Abyss:3  | Noticed a revenant
 14439 | Abyss:3  | Killed a revenant
 14443 | Abyss:3  | Found a runed translucent door.
 14471 | Abyss:3  | Reached XP level 16. HP: 97/120 MP: 7/7
 14526 | Abyss:3  | Noticed a thorn hunter
 14545 | Abyss:3  | Killed a thorn hunter
 14582 | Abyss:3  | Reached skill level 18 in Axes
 14632 | Abyss:3  | Noticed a tengu reaver
 14638 | Abyss:3  | Killed a tengu reaver
 14647 | Abyss:3  | Got an abyssal rune of Zot
 14679 | Snake:4  | Escaped the Abyss
 14695 | Snake:4  | Reached skill level 15 in Invocations
 14907 | Shoals:1 | Entered Level 1 of the Shoals
 14928 | Shoals:2 | Found a transporter.
 14959 | Shoals:3 | Found Humej's Book Shop.
 14959 | Shoals:3 | Found Xim Vykh's Antique Weapon Shoppe.
 15010 | Shoals:3 | Noticed Bai Suzhen
 15022 | Shoals:3 | Killed Bai Suzhen
 15093 | Shoals:3 | Found Yraopoh's Gadget Shoppe.
 15097 | Shoals:3 | Found Baigurph's Antique Weapon Shop.
 15119 | Shoals:3 | Found Ber Riwn's Armour Shoppe.
 15140 | Shoals:4 | Entered Level 4 of the Shoals
 15486 | Shoals:4 | Reached XP level 17. HP: 108/159 MP: 7/7
 15531 | Shoals:4 | Reached skill level 19 in Axes
 15540 | Shoals:4 | Got a barnacled rune of Zot
 15939 | Depths:1 | Entered Level 1 of the Depths
 16185 | Depths:2 | Found a transporter.
 16187 | Depths:2 | Noticed a caustic shrike
 16189 | Depths:2 | Noticed Taek's ghost (veteran DsWn)
 16332 | Depths:2 | Found a gateway to Hell.
 16366 | Depths:2 | Gained mutation: You passively map a large area around you.
                  | [Deep Dwarf growth]
 16366 | Depths:2 | Reached XP level 18. HP: 170/170 MP: 8/8
 16414 | Depths:4 | Found a runed translucent gate.
 16419 | Depths:5 | Entered Level 5 of the Depths
 16419 | Depths:5 | Found a one-way gate to the infinite horrors of the Abyss.
 16446 | Depths:5 | Reached skill level 20 in Axes
 16475 | Depths:5 | Reached skill level 15 in Armour
 16569 | Depths:5 | Found a gate to the Realm of Zot.
 16569 | Depths:5 | Noticed a bone dragon
 16584 | Depths:5 | Killed a bone dragon
 16599 | Zot:1    | Entered Level 1 of the Realm of Zot
 16645 | Zot:1    | Noticed a tentacled monstrosity
 16657 | Zot:1    | Killed a tentacled monstrosity
 16764 | Zot:4    | Noticed a golden dragon
 16782 | Zot:4    | Killed a golden dragon
 16854 | Zot:5    | Entered Level 5 of the Realm of Zot
 16854 | Zot:5    | Noticed a tentacled monstrosity
 16854 | Zot:5    | Noticed a Killer Klown
 16858 | Zot:5    | Noticed a tentacled monstrosity
 16858 | Zot:5    | Noticed an electric golem
 16859 | Zot:5    | Noticed an orb of fire
 16859 | Zot:5    | Noticed an Orb Guardian
 16859 | Zot:5    | Noticed an ancient lich
 16969 | Zot:5    | Noticed a golden dragon
 16983 | Zot:5    | Killed a golden dragon
 17137 | Zot:5    | Noticed an Orb Guardian
 17137 | Zot:5    | Noticed an Orb Guardian
 17137 | Zot:5    | Noticed an Orb Guardian
 17144 | Zot:5    | Killed an Orb Guardian
 17145 | Zot:5    | Noticed an Orb Guardian
 17149 | Zot:5    | Killed an Orb Guardian
 17161 | Zot:5    | Killed an Orb Guardian
 17163 | Zot:5    | Killed an Orb Guardian
 17167 | Zot:5    | Noticed an Orb Guardian
 17171 | Zot:5    | Killed an Orb Guardian
 17184 | Zot:5    | Noticed an Orb Guardian
 17189 | Zot:5    | Killed an Orb Guardian
 17191 | Zot:5    | Noticed an ancient lich
 17193 | Zot:5    | Noticed an Orb Guardian
 17207 | Zot:5    | Killed an Orb Guardian
 17207 | Zot:5    | Reached XP level 19. HP: 150/181 MP: 0/7
 17215 | Zot:5    | Noticed an electric golem
 17227 | Zot:5    | Killed an ancient lich
 17233 | Zot:5    | Noticed an orb of fire
 17235 | Zot:5    | Gained mutation: You sometimes yell uncontrollably at your
                  | foes. [an orb of fire]
 17235 | Zot:5    | Noticed an orb of fire
 17237 | Zot:5    | Killed an electric golem
 17250 | Zot:5    | Gained mutation: Armour fits poorly on your strangely
                  | shaped body. [an orb of fire]
 17256 | Zot:5    | Gained mutation: Your spells are a little easier to cast,
                  | but a little less powerful. [an orb of fire]
 17257 | Zot:5    | Killed an orb of fire
 17259 | Zot:5    | Gained mutation: Your spells are easier to cast, but less
                  | powerful. [an orb of fire]
 17261 | Zot:5    | Killed an orb of fire
 17264 | Zot:5    | Noticed an ancient lich
 17264 | Zot:5    | Noticed an ancient lich
 17264 | Zot:5    | Noticed a Killer Klown
 17264 | Zot:5    | Noticed a Killer Klown
 17264 | Zot:5    | Noticed an ancient lich
 17264 | Zot:5    | Noticed a Killer Klown
 17264 | Zot:5    | Noticed a curse toe
 17284 | Zot:5    | Killed a Killer Klown
 17284 | Zot:5    | Reached skill level 15 in Dodging
 17301 | Zot:5    | Killed an ancient lich
 17321 | Zot:5    | Killed an ancient lich
 17325 | Zot:5    | Killed an ancient lich
 17393 | Zot:5    | Noticed a Tzitzimitl
 17393 | Zot:5    | a tentacled monstrosity changed into a Tzitzimitl
 17404 | Zot:5    | Killed a Tzitzimitl
 17408 | Zot:5    | Killed a Killer Klown
 17430 | Zot:5    | Noticed an ancient lich
 17455 | Zot:5    | Noticed an orb of fire
 17459 | Zot:5    | HP: 4/183 [ancient lich (11)]
 17460 | Zot:5    | Killed from afar by an ancient lich

Illustrated notes

Levels and vault maps discovered:
D:1:      eino_arrival_druids_welcome, layout_loops_corners
D:2:      layout_basic, lemuel_coloured_pillars_altar, minmay_fractal_squares_5,
          uniq_natasha, uniq_jessica
D:3:      layout_basic, nicolae_overflow_hidden_temple,
          nicolae_overflow_crystal_walls, lemuel_blue_sif_altar
D:4:      layout_basic, led_xom_imps, uniq_menkaure
D:5:      layout_cave_pods, grunt_dithmenos_shadows, minmay_temple_entry_trees,
          serial_shops, nicolae_shop_trees, minmay_lizard_king
D:6:      layout_cave_pools, kiku_gazebo_pond_becter,
          grunt_temple_overflow_diamond, uniq_maggie
D:7:      layout_loops_ring, uniq_harold
D:8:      layout_gridville, gammafunk_ghost_hydra_chop,
          okawaru_metal_pillars_1_2, uniq_joseph
D:9:      layout_long_grid, cheibrodos_ashenzari_chains,
          nicolae_tso_carved_into_rock, kennysheep_mini,
          chequers_temple_overflow_statue_of_worship, serial_shops,
          nicolae_shop_behind_doors, minmay_misc_feat_roman, minmay_three_doors
D:10:     layout_loops_ring, david_lair_generic, uniq_maurice, uniq_psyche,
          uniq_nergalle, uniq_sonja
D:11:     layout_roguey, glass_columns_a
D:12:     kennysheep_ambush_hall, layout_long_grid, hive_lemuel
D:13:     layout_layer_cave, uniq_rupert
D:14:     kennysheep_funnel, layout_irregular_city,
          skrybe_vaults_entry_preservation, serial_shops, shop
D:15:     gammafunk_depths_entry_grave, layout_basic, serial_park_tiny_2
Temple:   jpeg_temple_island
Lair:1:   layout_loops_ring, chequers_serial_rivers_micro_d,
          chequers_serial_rivers_room_a, minmay_stone_trees_medium,
          minivault_24, worms_lemuel, minmay_lair_oklob_chamber,
          infiniplex_staircase_pool, serial_bayou_shore_b
Lair:2:   layout_regular_city, hellmonk_ghost_happy_afterlife, uniq_gastronok
Lair:3:   layout_chaotic_city, pond, grunt_megastairs_3, serial_bayou_shore_a
Lair:4:   layout_regular_city, minmay_shoals_entry_centaurs, dummy_snake_entry,
          minivault_26, chequers_serial_rivers_micro_c, st_stairs_8
Shoals:1: layout_shoals, st_cyclops
Shoals:2: layout_shoals, gammafunk_ghost_wrathful_warriors
Shoals:3: cheibrodos_shoals_roost, layout_shoals, serial_shops,
          nicolae_shop_statue_plus, nicolae_shop_stone, shop, shop,
          nicolae_shop_statue_plus, uniq_bai_suzhen
Shoals:4: shoals_end_grunt_ice, layout_shoals
Snake:1:  layout_layer_cave, minmay_shop_grove
Snake:2:  layout_grid_maze, serial_shops, shop
Snake:3:  layout_chambers
Snake:4:  snake_pit, layout_onion_interference, serial_shops, shop,
          nrook_loot_triangle, grunt_ministairs_15
Orc:1:    layout_caves, guppyfry_library_mini
Orc:2:    grunt_orc_cross, layout_caves, mines1_david
Depths:1: layout_cave_pools, enter_ziggurat_c, serial_shops, shop,
          gammafunk_ghost_mausoleum, grunt_mini_vestibule, mu_enter_wizlab_2,
          hangedman_abyss_or_decor_lesser_grid, minmay_misc_feat_tiny,
          patterned_corridor
Depths:2: minmay_the_grid_four_pointed_star
          [minmay_the_grid_triangle_9x9_from_above,
          minmay_the_grid_triangle_9x9_zippers_horizontal,
          minmay_the_grid_triangle_9x9_impossible_snake,
          minmay_the_grid_triangle_9x9_windchime,
          minmay_the_grid_prize_shrinking_boxes], layout_cave_pools, hell_entry,
          lemuel_statue_altar, gammafunk_ghost_berserking_beasts,
          infiniplex_staircase_pool_2
Depths:3: radiant_caverns_a_rkd, pan_entry, hell_entry
Depths:4: regret_index_dithmenos_brocken_genspenst, layout_gridlike,
          ebering_ghost_rock_garden, hell_entry,
          nicolae_abyss_entry_one_way_or_another
Depths:5: grunt_zot_entry_tricorne, layout_long_grid,
          hangedman_abyss_or_decor_stabs, abyss_entry, pf_hell_entry_tar_river
Zot:1:    layout_gridlike, st_single_dragon_hoard_3, lemuel_golem_globe
Zot:2:    minmay_elemental_castle, layout_basic, zot_minivault_8
Zot:3:    layout_misc_corridors, st_stairs_6
Zot:4:    layout_cathedral_of_symmetry,
          chequers_guarded_unrand_mask_of_the_dragon
Zot:5:    layout_twisted_circle, st_stairs_9

Skill      XL: |  1  2  3  4  5  6  7  8  9 10 11 12 13 14 15 16 17 18 19 |
---------------+----------------------------------------------------------+-----
Axes           | 3 4 5 6 8 9 11 12 13 15 16 17 18 19 20 | 20.0
Fighting       | 3 4 5 6 7 8 9 10 11 12 13 14 | 14.4
Armour         | 4 5 6 7 8 9 10 11 12 13 14 15 16 | 16.6
Shields        | 4 5 6 7 |  7.8
Invocations    | 2 4 6 7 9 10 12 13 14 15 16 18 19 | 19.6
Dodging        | 3 5 7 8 10 11 12 13 14 15 | 15.3

Action                   |  1- 3 |  4- 6 |  7- 9 | 10-12 | 13-15 | 16-18 | 19-21 || total
-------------------------+-------+-------+-------+-------+-------+-------+-------++-------
Melee: War axe           |    56 |   139 |   103 |       |       |       |       ||   298
       Broad axe         |       |       |    98 |    91 |       |       |       ||   189
       Battleaxe         |       |       |       |   363 |   753 |   805 |   115 ||  2036
Invok: Stomp             |       |       |     2 |       |       |       |       ||     2
       Greater Servant o |       |       |       |       |    11 |     9 |     4 ||    24
       Lesser Servant of |       |       |       |       |       |     6 |       ||     6
 Abil: Heal Wounds       |     1 |     5 |    15 |    22 |    29 |    31 |    17 ||   120
Evoke: Wand              |       |       |       |       |     3 |     1 |       ||     4
  Use: Potion            |       |       |     1 |       |     2 |     2 |     5 ||    10
       Scroll            |       |       |       |    25 |     6 |    11 |     2 ||    44
 Stab: Paralysed         |       |       |    11 |     1 |       |       |       ||    12
       Invisible         |       |       |       |     5 |       |     8 |       ||    13
       Distracted        |       |       |       |       |     4 |     8 |       ||    12
Armor: Scale mail        |    50 |    62 |    67 |    45 |       |       |       ||   224
       Plate armour      |       |       |       |   217 |   383 |    69 |       ||   669
       Swamp dragon scal |       |       |       |    14 |   207 |    94 |       ||   315
       Storm dragon scal |       |       |       |       |       |   493 |       ||   493
       Gold dragon scale |       |       |       |       |       |    35 |   111 ||   146
Dodge: Dodged            |    21 |    36 |    68 |   212 |   614 |   904 |    62 ||  1917
Block: Kite shield       |    60 |    66 |   102 |    59 |       |       |       ||   287

Table legend: (Time is in decaauts)
 A = Elapsed time spent in this place.
 B = Non-inter-level travel time spent in this place.
 C = Inter-level travel time spent in this place.
 D = Time resting spent in this place.
 E = Time spent auto-exploring this place.
 F = Levels seen in this place.
 G = Mean time per level.
                   A        B        C        D        E       F      G
               +--------+--------+--------+--------+--------+-----+--------+
         Total |  17491 |  15207 |   2284 |    177 |  10191 |  43 |  406.8 |
       Dungeon |  10598 |   9043 |   1555 |     19 |   6870 |  15 |  706.5 |
        Temple |     81 |     50 |     31 |      0 |     30 |   1 |   81.0 |
          Lair |   2456 |   2107 |    349 |      0 |   1786 |   4 |  614.0 |
        Shoals |    737 |    641 |     96 |      0 |    201 |   4 |  184.2 |
     Snake Pit |   1059 |    934 |    125 |      0 |    477 |   4 |  264.8 |
  Orcish Mines |    378 |    347 |     31 |      0 |    156 |   2 |  189.0 |
        Depths |    578 |    560 |     18 |    107 |     70 |   5 |  115.6 |
           Zot |    790 |    713 |     77 |     51 |    239 |   5 |  158.0 |
         Abyss |    811 |    811 |      0 |      0 |    360 |   3 |  270.3 |
               +--------+--------+--------+--------+--------+-----+--------+

Top non-repeatable levels by time:
     D:9: 1115 daAuts
     D:5: 941 daAuts
     D:3: 931 daAuts
     D:2: 883 daAuts
     D:7: 863 daAuts
     D:8: 832 daAuts
    D:12: 800 daAuts
  Lair:3: 756 daAuts
  Lair:4: 743 daAuts
  Lair:2: 726 daAuts
     D:4: 717 daAuts
    D:11: 714 daAuts
    D:10: 603 daAuts
    D:13: 563 daAuts
   Zot:5: 558 daAuts
